 Dungeon Crawl Stone Soup version 0.31-a0-313-g785cd24033 (webtiles) character file.

Game seed: 13565869933829326313

110 AdnanSaban the Shield-Bearer (level 4, -8/29 HPs)
             Began as a Gargoyle Fighter on July 17, 2023.
             Mangled by an ogre
             ... wielding a +0 giant club
              (19 damage)
             ... on level 3 of the Dungeon.
             The game lasted 00:02:38 (1510 turns).

AdnanSaban the Shield-Bearer (Gargoyle Fighter)     Turns: 1510, Time: 00:02:38

Health: -8/29      AC: 15    Str: 22    XL:     4   Next: 91%
Magic:  4/4        EV:  6    Int:  8    God:
Gold:   127        SH:  4    Dex:  9    Spells: 3/3 levels left

rFire   . . .        a - +0 flail
rCold   . . .        c - +0 buckler
rNeg    + . .        h - +0 plate armour
rPois   ∞            (no helmet)
rElec   +            (no cloak)
rCorr   .            (no gloves)
SInv    .            (no boots)
Will    .....        (no amulet) Stlth
                     (no ring)
HPRegen 0.24/turn    (no ring)
MPRegen 0.09/turn

%: no passive effects
@: no status effects
A: sickness immunity, AC +3, negative energy resistance 1, electricity
resistance, torment resistance 1, petrification resistance
a: no special abilities


You were on level 3 of the Dungeon.
You visited 1 branch of the dungeon, and saw 3 of its levels.

You collected 127 gold pieces.

Inventory:

Hand Weapons
 a - a +0 flail (weapon)
Armour
 c - a +0 buckler (worn)
 h - a +0 plate armour (worn)
Scrolls
 b - 2 scrolls of vulnerability {unknown}
 f - 3 scrolls of poison {unknown}
 g - 4 scrolls of enchant weapon {unknown}
 i - 3 scrolls of identify {unknown}
 j - a scroll of immolation {unknown}
 k - a scroll of revelation {unknown}
 p - a scroll of teleportation {unknown}
Potions
 d - a potion of might
 e - 3 potions of heal wounds {unknown}
 l - 3 potions of attraction {unknown}
 m - a potion of magic {unknown}
 n - a potion of curing {unknown}
 o - a potion of brilliance {unknown}


   Skills:
 + Level 4.0 Fighting
 + Level 3.1 Maces & Flails
 + Level 4.1 Armour
 + Level 4.1 Shields


You had 3 spell levels left.
You didn't know any spells.
Your spell library contained the following spells:

 Spells                   Type           Power      Damage    Failure   Level
 Frozen Ramparts          Ice            0%         1d1       100%        3
 Volatile Blastmotes      Fire/Tloc      0%         2d10      100%        3
 Fulminant Prism          Conj/Hex       0%         3d5       100%        4
 Iskenderun's Mystic Bla  Conj/Tloc      0%         2d3       100%        4
 Petrify                  Tmut/Erth      0%         N/A       100%        4
 Metabolic Englaciation   Hex/Ice        0%         N/A       100%        5


Dungeon Overview and Level Annotations

Branches:
Dungeon (3/15)

Altars:
Qazlal


Innate Abilities, Weirdness & Mutations

You are immune to sickness and miasma.
Your stone body is resilient. (AC +3)
You are immune to poison.
You resist negative energy. (rN+)
You are resistant to electric shocks. (rElec)
You are resistant to unholy torment.
You are immune to petrification.


Message History

No target in view!
No target in view!
No target in view!
No target in view!
No target in view!
No target in view!
No target in view!
Things that are here:
a +0 mace; a +0 ring mail
p - a scroll labelled ZUMEXOEZIO You now have 127 gold pieces (gained 6).
Found a stone staircase leading up.
There is a stone staircase leading up here.
An ogre and a giant cockroach come into view.
The ogre shouts!
You hear a shout!
The ogre moves out of view.
The giant cockroach moves out of view.
b - 2 scrolls labelled YTSOS LEFUNE (gained 1)
A goblin comes into view. It is wielding a +0 dagger.
A goblin is nearby!
You block the ogre's attack.
You hit the ogre.
The ogre is lightly wounded.
The ogre hits you but does no damage.
You barely miss the ogre.
The ogre is lightly wounded.
The goblin hits you with a +0 dagger. The goblin hits you but does no damage.
The ogre closely misses you.
You hit the ogre.
The ogre is moderately wounded.
You block the giant cockroach's attack. The goblin completely misses you.
You sock the ogre!
The ogre is severely wounded.
The ogre hits you with a +0 giant club!
Ouch! That really hurt!
The giant cockroach barely misses you. The goblin hits you but does no damage.
The giant cockroach bites you. The ogre attacks as you move away!
The ogre hits you with a +0 giant club!!
Ouch! That really hurt!
You die...

######## #......# ##......#
.......# #......# ......#
#......# ##.#..... #
#.BgO..# #......# . #. #@#
.......##...#. #.# .#
^.......##.....#.##### #.#
........##...........##..##
.........#......#.##.......
.<..............#...#......
................###.#......
# ........#....... #.....#
. ).......#.......###..####
.#


You could see an ogre, a giant cockroach and a goblin.

Vanquished Creatures
  4 gnolls
  2 adders (D:2)
  2 dart slugs (D:1)
  An orc (D:3)
  2 endoplasms
  A giant cockroach (D:1)
  3 goblins
  5 hobgoblins
  7 jackals
  A quokka (D:1)
  4 bats
  8 frilled lizards (D:2)
  7 kobolds
  3 rats
50 creatures vanquished.

Notes
Turn   | Place    | Note
-------+----------+-------------------------------------------
     0 | D:1      | AdnanSaban the Gargoyle Fighter began the quest for the
                  | Orb.
     0 | D:1      | Reached XP level 1. HP: 14/14 MP: 1/1
    38 | D:1      | Reached XP level 2. HP: 19/19 MP: 2/2
   180 | D:1      | You fall into a shaft and drop 1 floor!
   286 | D:1      | Reached XP level 3. HP: 22/24 MP: 3/3
   837 | D:2      | Reached XP level 4. HP: 29/29 MP: 4/4
   963 | D:2      | Found a stormy altar of Qazlal.
  1502 | D:3      | Noticed an ogre
  1510 | D:3      | Mangled by an ogre

Illustrated notes

Levels and vault maps discovered:
D:1:      lightli_arrival_flooded_house, layout_basic, serial_forest,
          infiniplex_forest_lined_3_way, infiniplex_forest_corner_1,
          infiniplex_forest_corner_2, infiniplex_forest_3_way,
          infiniplex_forest_straight_2, infiniplex_forest_zigzag_1
D:2:      layout_rooms, basic_altar, minmay_lizard_pond
D:3:      layout_rooms, uniq_natasha

Skill      XL: |  1  2  3  4 |
---------------+-------------+-----
Shields        | 4 |  4.1
Maces & Flails | 3 |  3.1
Armour         | 4 |  4.1
Fighting       | 4 |  4.0

Action                     |  1- 3 |  4- 6 || total
---------------------------+-------+-------++-------
  Melee: Flail             |   138 |    54 ||   192
 Armour: Scale mail        |     2 |       ||     2
         Plate armour      |   180 |    55 ||   235
  Dodge: Dodged            |    61 |    20 ||    81
  Block: Buckler           |    49 |    10 ||    59

Table legend: (Time is in decaauts)
 A = Elapsed time spent in this place.
 B = Non-inter-level travel time spent in this place.
 C = Inter-level travel time spent in this place.
 D = Time resting spent in this place.
 E = Time spent auto-exploring this place.
 F = Levels seen in this place.
 G = Mean time per level.
                   A        B        C        D        E       F      G
               +--------+--------+--------+--------+--------+-----+--------+
         Total |   1571 |   1520 |     51 |      0 |   1070 |   3 |  523.7 |
       Dungeon |   1571 |   1520 |     51 |      0 |   1070 |   3 |  523.7 |
               +--------+--------+--------+--------+--------+-----+--------+

Top non-repeatable levels by time:
     D:1: 724 daAuts
     D:2: 654 daAuts
     D:3: 192 daAuts
